 Dungeon Crawl Stone Soup version 0.28-a0-1638-g9123634e07 (webtiles) character file.

Game seed: 16686990670278909095

61 kae the Ruffian (level 3, 0/29 HPs)
             Began as a Draconian Transmuter on Jan 25, 2022.
             Slain by a goblin (7 damage)
             ... on level 3 of the Dungeon.
             The game lasted 00:00:26 (1408 turns).

kae the Ruffian (Draconian Transmuter)              Turns: 1408, Time: 00:00:26

Health: 0/29       AC:  5    Str: 12    XL:     3   Next: 83%
Magic:  5/6        EV: 12    Int: 15    God:
Gold:   43         SH:  0    Dex: 11    Spells: 5/6 levels left

rFire   . . .      SeeInvis .     - Unarmed
rCold   . . .      Faith    .   (no shield)
rNeg    . . .      Spirit   .   (armour unavailable)
rPois   .          Reflect  .   (helmet currently unavailable)
rElec   .          Harm     .   (no cloak)
rCorr   .          Rampage  .   (no gloves)
Will    .....                   (boots currently unavailable)
Stlth   +.........              (no amulet)
HPRegen 0.09/turn               (no ring)
MPRegen 0.10/turn               (no ring)

@: appendages
A: horns 2, talons 2, AC +5, unfitting armour, cold-blooded
a: End Transformation


You were on level 3 of the Dungeon.
You had temporarily grown beastly horns and talons.
You visited 1 branch of the dungeon, and saw 3 of its levels.

You collected 43 gold pieces.

Inventory:

Jewellery
 b - a +4 ring of evasion
Scrolls
 a - 2 scrolls of fear {unknown}
 d - a scroll of enchant armour {unknown}
 e - a scroll of identify {unknown}
Potions
 c - a potion of attraction {unknown}


   Skills:
 + Level 2.0 Fighting
 + Level 2.1 Dodging
 * Level 3.6 Unarmed Combat
 + Level 2.3 Spellcasting
 * Level 2.7 Transmutations


You had 5 spell levels left.
You knew the following spells:

 Your Spells              Type           Power      Damage    Failure   Level
a - Beastly Appendage     Tmut           20%        N/A       7%          1

Your spell library contained the following spells:

 Spells                   Type           Power      Damage    Failure   Level
 Wereblood                Tmut           10%        N/A       11%         2
 Spider Form              Tmut/Pois      5%         N/A       36%         3
 Ice Form                 Ice/Tmut       5%         N/A       77%         4


Dungeon Overview and Level Annotations

Branches:
Dungeon (3/15)

Altars:

Annotations:
D:2 Robin


Innate Abilities, Weirdness & Mutations

You have temporarily grown beastly horns and talons.
Your plain brown scales are hard. (AC +5)
You cannot fit into any form of body armour.
You are cold-blooded and may be slowed by cold attacks.


Message History

You hit the hobgoblin.
You kill the hobgoblin!
Casting: Beastly Appendage (safe; 7% risk of failure)
Confirm with . or Enter, or press ? or * to list all spells.
You grow a pair of large bovine horns.
Your feet morph into talons.
The goblin misses you. The goblin hits you but does no damage.
The goblin misses you. The goblin hits you with a +0 war axe.
The goblin hits you with a +0 club. The goblin hits you but does no damage.
The goblin hits you with a +0 dagger. The goblin misses you.
The goblin hits you with a +0 war axe.
There are monsters nearby!
You are too injured to fight recklessly!
You are too injured to fight recklessly!
There are monsters nearby!
The goblin hits you but does no damage. Robin throws the goblin at you!
The goblin hits you with a +0 dagger.
You hit the goblin.
You kill the goblin!
The goblin hits you but does no damage. The hobgoblin hits you.
The goblin closely misses you. The goblin hits you but does no damage.
Things that are here:
a +0 dagger; a goblin corpse Your transformation is almost over.
Robin throws the goblin at you! The goblin completely misses you.
The hobgoblin no longer looks unusually strong.
The goblin no longer looks unusually strong. x2
There is an escape hatch in the floor here.
The hobgoblin no longer looks unusually strong.
The goblin barely misses you. The goblin hits you with a +0 club.
* * * LOW HITPOINT WARNING * * *
You slide downwards.
The hatch slams shut behind you.
Found 11 gold pieces.
Casting: Beastly Appendage (safe; 7% risk of failure)
Confirm with . or Enter, or press ? or * to list all spells.
You extend your transformation's duration.
The goblin barely misses you. The goblin hits you with a +0 war axe!
You die...

.. .## .. # ..
.# .###. ...
#.# #@# #g#
≈≈≈....g.......
≈$≈...#.#######
≈≈≈...#.. .....
### ..... ####


You could see 2 goblins.

Vanquished Creatures
  4 adders (D:2)
  A dart slug (D:2)
  An endoplasm (D:1)
  2 giant cockroaches
  5 goblins
  2 hobgoblins (D:2)
  4 quokkas
  A bat (D:2)
  A frilled lizard (D:1)
  2 kobolds
  2 rats (D:1)
25 creatures vanquished.

Notes
Turn   | Place    | Note
-------+----------+-------------------------------------------
     0 | D:1      | kae the Draconian Transmuter began the quest for the Orb.
     0 | D:1      | Reached XP level 1. HP: 16/16 MP: 3/3
   410 | D:1      | Reached XP level 2. HP: 20/23 MP: 3/5
   734 | D:1      | You fall into a shaft and drop 1 floor!
   827 | D:2      | Reached XP level 3. HP: 15/28 MP: 4/6
  1388 | D:2      | Noticed Robin
  1389 | D:2      | Found a faded altar of an unknown god.
  1408 | D:3      | Slain by a goblin

Illustrated notes

Levels and vault maps discovered:
D:1:      dpeg_arrival_simpleton_a, layout_basic
D:2:      layout_basic, basic_ecumenical_altar, uniq_robin
D:3:      layout_basic, chequers_temple_overflow_statue_of_worship,
          grunt_temple_overflow_bloody_war, corexii_item_surrounded_by_moat,
          interstate_on_off, uniq_terence

Skill      XL: |  1  2  3 |
---------------+----------+-----
Dodging        | 2 |  2.1
Fighting       | 2 |  2.0
Unarmed Combat | |  3.6
Spellcasting   | |  2.3
Transmutations | |  2.7

Action                   || total
-------------------------++-------
Melee: Unarmed           ||    64
       Tailslap          ||     7
       Headbutt          ||     5
       Kick              ||     6
 Cast: Beastly Appendage ||    19
Armor: Skin              ||    23
Dodge: Dodged            ||    49

Table legend: (Time is in decaauts)
 A = Elapsed time spent in this place.
 B = Non-inter-level travel time spent in this place.
 C = Inter-level travel time spent in this place.
 D = Time resting spent in this place.
 E = Time spent auto-exploring this place.
 F = Levels seen in this place.
 G = Mean time per level.
                   A        B        C        D        E       F      G
               +--------+--------+--------+--------+--------+-----+--------+
         Total |   1403 |   1403 |      0 |      0 |   1210 |   3 |  467.7 |
       Dungeon |   1403 |   1403 |      0 |      0 |   1210 |   3 |  467.7 |
               +--------+--------+--------+--------+--------+-----+--------+

Top non-repeatable levels by time:
     D:1: 732 daAuts
     D:2: 668 daAuts
     D:3: 2 daAuts
